TOP OF THE 1ST |
Stanford Cardinal batting - Pitching for South Carolina Gamecocks : RHP Leslie Simpson
|
Pitching: RHP Leslie Simpson
|
|
Batting: SHB Jimmy Wilson
|
0-0: Fly out, F8 (Flyball, 8LM)
|
Batting: LHB Geoffrey Bird
|
0-0: Ball 1-0: Ball 2-0: Ball 3-0: Base on Balls
|
Batting: RHB Fernando Vargas
|
0-0: Ball 1-0: Swinging Strike 1-1: Ball 2-1: Ball 3-1: Called Strike 3-2: Base on Balls Geoffrey Bird to second
|
Batting: RHB Rick McDonald
|
0-0: Called Strike 0-1: Ball 1-1: Foul Ball, location: 2F 1-2: Strikes out swinging
|
Batting: RHB Scott McGuire
|
0-0: 3-RUN HOME RUN (Line Drive, 7D), Distance : 363 ft
|
Batting: RHB Jimmie Powell
|
0-0: Called Strike 0-1: Ball 1-1: Called Strike 1-2: Foul Ball, location: 2F 1-2: Ground out 4-3 (Groundball, 4D)
|
Top of the 1st over - 3 run(s), 1 hit(s), 0 error(s), 0 left on base; Stanford 3 - South Carolina 0 |
BOTTOM OF THE 1ST |
South Carolina Gamecocks batting - Pitching for Stanford Cardinal : LHP Leonard Rowland
|
Pitching: LHP Leonard Rowland
|
|
Batting: RHB Rob DeWitt
|
0-0: Ball 1-0: Called Strike 1-1: Swinging Strike 1-2: Foul Ball, location: 2F 1-2: Fly out, F6 (Popup, 6MD)
|
Batting: RHB Edward Green
|
0-0: Called Strike 0-1: Ground out 5-3 (Groundball, 5S)
|
Batting: LHB Chandler Pitts
|
0-0: Foul Ball, location: 2F 0-1: Called Strike 0-2: Foul Ball, location: 2F 0-2: Ball 1-2: Ball 2-2: Ball 3-2: SINGLE (Line Drive, 9S)
|
Batting: LHB Bill Walter
|
0-0: Ball 1-0: Ground out 4-3 (Groundball, 4)
|
Bottom of the 1st over - 0 run(s), 1 hit(s), 0 error(s), 1 left on base; Stanford 3 - South Carolina 0 |
TOP OF THE 2ND |
Stanford Cardinal batting - Pitching for South Carolina Gamecocks : RHP Leslie Simpson
|
Batting: SHB Haywood Bass
|
0-0: Called Strike 0-1: Ball 1-1: Foul Ball, location: 2F 1-2: Foul Ball, location: 2F 1-2: Fly out, F7 (Flyball, 78S)
|
Batting: RHB Dylan Wolf
|
0-0: Called Strike 0-1: Fly out, F4 (Popup, 4MD)
|
Batting: RHB Jake Jeffries
|
0-0: Swinging Strike 0-1: Ground out 6-3 (Groundball, 6)
|
Top of the 2nd over - 0 run(s), 0 hit(s), 0 error(s), 0 left on base; Stanford 3 - South Carolina 0 |
BOTTOM OF THE 2ND |
South Carolina Gamecocks batting - Pitching for Stanford Cardinal : LHP Leonard Rowland
|
Batting: LHB Gilberto Ortíz
|
0-0: Called Strike 0-1: Ball 1-1: Ball 2-1: Swinging Strike 2-2: Ball 3-2: Base on Balls
|
Batting: RHB Ryan Campbell
|
0-0: Reached on error, E6 (Groundball, 6) Gilberto Ortíz to second
|
Batting: SHB Darrel Wise
|
0-0: Ball 1-0: Ball 2-0: Called Strike 2-1: Ball 3-1: Base on Balls Gilberto Ortíz to third Ryan Campbell to second
|
Batting: RHB José Maldonado
|
0-0: Fly out, F3 (Popup, 3S)
|
Batting: RHB Mason Melton
|
0-0: Foul Ball, location: 2F 0-1: Ball 1-1: Grounds into double play, 5-4-3 (Groundball, 56)
|
Bottom of the 2nd over - 0 run(s), 0 hit(s), 1 error(s), 2 left on base; Stanford 3 - South Carolina 0 |
TOP OF THE 3RD |
Stanford Cardinal batting - Pitching for South Carolina Gamecocks : RHP Leslie Simpson
|
Batting: SHB Jimmy Wilson
|
0-0: Foul Ball, location: 2F 0-1: Called Strike 0-2: Ball 1-2: Foul Ball, location: 2F 1-2: SINGLE (Groundball, 6MD)
|
Batting: LHB Geoffrey Bird
|
0-0: Ball 1-0: Grounds into double play, 6-4-3 (Groundball, 6)
|
Batting: RHB Fernando Vargas
|
0-0: Ball 1-0: DOUBLE (Flyball, 8LXD)
|
Batting: RHB Rick McDonald
|
0-0: Ball 1-0: Ball 2-0: Foul Ball, location: 2F 2-1: Ball 3-1: Base on Balls
|
Batting: RHB Scott McGuire
|
0-0: Called Strike 0-1: Ball 1-1: Called Strike 1-2: SINGLE (Groundball, 34D) Fernando Vargas to third Rick McDonald to second Runner from 3rd tries for Home, SAFE, throw made home Rick McDonald to third Scott McGuire to second
|
Batting: RHB Jimmie Powell
|
0-0: Fly out, F8 (Flyball, 8RM)
|
Top of the 3rd over - 1 run(s), 3 hit(s), 0 error(s), 2 left on base; Stanford 4 - South Carolina 0 |
BOTTOM OF THE 3RD |
South Carolina Gamecocks batting - Pitching for Stanford Cardinal : LHP Leonard Rowland
|
Batting: RHB Rob DeWitt
|
0-0: Called Strike 0-1: Ball 1-1: Swinging Strike 1-2: Strikes out swinging
|
Batting: RHB Edward Green
|
0-0: Foul Ball, location: 2F 0-1: Called Strike 0-2: SINGLE (Line Drive, 78S)
|
Batting: LHB Chandler Pitts
|
0-0: Ball 1-0: Ball 2-0: Ball 3-0: Foul Ball, location: 2F 3-1: Base on Balls Edward Green to second
|
Batting: LHB Bill Walter
|
0-0: Swinging Strike 0-1: Called Strike 0-2: Grounds into double play, 4-6-3 (Groundball, 4)
|
Bottom of the 3rd over - 0 run(s), 1 hit(s), 0 error(s), 1 left on base; Stanford 4 - South Carolina 0 |
TOP OF THE 4TH |
Stanford Cardinal batting - Pitching for South Carolina Gamecocks : RHP Leslie Simpson
|
Batting: SHB Haywood Bass
|
0-0: Ball 1-0: Ball 2-0: Ball 3-0: Foul Ball, location: 2F 3-1: Foul Ball, location: 2F 3-2: Base on Balls
|
Batting: RHB Dylan Wolf
|
0-0: Called Strike 0-1: Ball 1-1: Ball 2-1: Ball Haywood Bass is caught stealing 2nd base 3-1: Base on Balls
|
Batting: RHB Jake Jeffries
|
0-0: Ball Dylan Wolf is caught stealing 2nd base 1-0: Called Strike 1-1: Called Strike 1-2: Foul Ball, location: 2F 1-2: Strikes out swinging
|
Top of the 4th over - 0 run(s), 0 hit(s), 0 error(s), 0 left on base; Stanford 4 - South Carolina 0 |
BOTTOM OF THE 4TH |
South Carolina Gamecocks batting - Pitching for Stanford Cardinal : LHP Leonard Rowland
|
Batting: LHB Gilberto Ortíz
|
0-0: Ball 1-0: Ball 2-0: DOUBLE (Groundball, 3L)
|
Batting: RHB Ryan Campbell
|
0-0: Ball 1-0: Ball 2-0: Ball 3-0: Base on Balls
|
Batting: SHB Darrel Wise
|
0-0: Ball 1-0: Ball 2-0: Ball 3-0: Base on Balls Gilberto Ortíz to third Ryan Campbell to second
|
Batting: RHB José Maldonado
|
0-0: Called Strike 0-1: Ball 1-1: Foul Ball, location: 2F 1-2: Ball 2-2: Ball 3-2: Foul Ball, location: 2F 3-2: Base on Balls Gilberto Ortíz scores Ryan Campbell to third Darrel Wise to second
|
Batting: RHB Mason Melton
|
0-0: Foul Ball, location: 2F 0-1: Ball 1-1: Fly out, F4 (Line Drive, 4)
|
Batting: RHB Rob DeWitt
|
0-0: SINGLE (Line Drive, 34) Ryan Campbell scores Darrel Wise to third José Maldonado to second Runner from 3rd tries for Home, SAFE, throw made home José Maldonado to third Rob DeWitt to second
|
Batting: RHB Edward Green
|
0-0: Ball 1-0: Ball 2-0: Foul Ball, location: 2F 2-1: Fly out, F8 (Flyball, 78S) Runner from 3rd tags up, SCORES, no throw
|
Batting: LHB Chandler Pitts
|
0-0: Ball 1-0: Ball 2-0: Ball 3-0: Base on Balls
|
Batting: LHB Bill Walter
|
0-0: Called Strike 0-1: DOUBLE (Line Drive, 7LM) Rob DeWitt scores Chandler Pitts to third
|
Pitching: RHP Ramón Rivera
|
|
Batting: LHB Gilberto Ortíz
|
0-0: Fly out, F8 (Flyball, 8RM)
|
Bottom of the 4th over - 5 run(s), 3 hit(s), 0 error(s), 2 left on base; Stanford 4 - South Carolina 5 |
TOP OF THE 5TH |
Stanford Cardinal batting - Pitching for South Carolina Gamecocks : RHP Leslie Simpson
|
Batting: SHB Jimmy Wilson
|
0-0: Ball 1-0: SINGLE (Flyball, 8LS)
|
Batting: LHB Geoffrey Bird
|
0-0: Ball 1-0: Ball 2-0: Ball 3-0: Called Strike 3-1: Base on Balls Jimmy Wilson to second
|
Batting: RHB Fernando Vargas
|
0-0: Ball 1-0: Ball 2-0: Ball 3-0: Base on Balls Jimmy Wilson to third Geoffrey Bird to second
|
Batting: RHB Rick McDonald
|
0-0: Fly out, F6 (Popup, 56D)
|
Batting: RHB Scott McGuire
|
0-0: Ball 1-0: Foul Ball, location: 2F 1-1: Fly out, F9 (Flyball, 9S)
|
Pitching: RHP Jared Thomas
|
|
Batting: RHB Jimmie Powell
|
0-0: Called Strike 0-1: Ball 1-1: Fly out, F9 (Flyball, 9S)
|
Top of the 5th over - 0 run(s), 1 hit(s), 0 error(s), 3 left on base; Stanford 4 - South Carolina 5 |
BOTTOM OF THE 5TH |
South Carolina Gamecocks batting - Pitching for Stanford Cardinal : RHP Ramón Rivera
|
Batting: RHB Ryan Campbell
|
0-0: SINGLE (Groundball, 6D)
|
Batting: SHB Darrel Wise
|
0-0: Called Strike 0-1: Ball 1-1: Ball 2-1: Foul Ball, location: 2F 2-2: Ball 3-2: Foul Ball, location: 2F 3-2: Base on Balls Ryan Campbell to second
|
Batting: RHB José Maldonado
|
0-0: Grounds into double play, 1-6-3 (Groundball, 13S) Ryan Campbell to third
|
Batting: RHB Mason Melton
|
0-0: Ball 1-0: DOUBLE (Flyball, 89D) Ryan Campbell scores
|
Batting: RHB Rob DeWitt
|
0-0: SINGLE (Groundball, 25) (infield hit) Mason Melton to third
|
Batting: RHB Edward Green
|
0-0: Called Strike 0-1: Ball 1-1: Ball 2-1: Called Strike 2-2: Ball 3-2: Foul Ball, location: 2F 3-2: 3-RUN HOME RUN (Flyball, 7D), Distance : 367 ft
|
Pitching: LHP Pedro Infante
|
|
Batting: LHB Chandler Pitts
|
0-0: Ball 1-0: Called Strike 1-1: Ball 2-1: Fly out, F7 (Flyball, 7LSF)
|
Bottom of the 5th over - 4 run(s), 4 hit(s), 0 error(s), 0 left on base; Stanford 4 - South Carolina 9 |
TOP OF THE 6TH |
Stanford Cardinal batting - Pitching for South Carolina Gamecocks : RHP Jared Thomas
|
Batting: SHB Haywood Bass
|
0-0: Ball 1-0: Foul Ball, location: 2F 1-1: Ground out 1-3 (Groundball, 15S)
|
Batting: RHB Dylan Wolf
|
0-0: Called Strike 0-1: Ball 1-1: Fly out, F8 (Flyball, 89D)
|
Batting: RHB Jake Jeffries
|
0-0: Ball 1-0: Swinging Strike 1-1: Ball 2-1: Foul Ball, location: 2F 2-2: Ground out 6-3 (Groundball, 6)
|
Top of the 6th over - 0 run(s), 0 hit(s), 0 error(s), 0 left on base; Stanford 4 - South Carolina 9 |
BOTTOM OF THE 6TH |
South Carolina Gamecocks batting - Pitching for Stanford Cardinal : LHP Pedro Infante
|
Batting: LHB Bill Walter
|
0-0: Ground out 4-3 (Groundball, 4)
|
Batting: LHB Gilberto Ortíz
|
0-0: Ball 1-0: Ball 2-0: Ball 3-0: Called Strike 3-1: Foul Ball, location: 2F 3-2: Foul Ball, location: 2F 3-2: Base on Balls
|
Batting: RHB Ryan Campbell
|
0-0: Swinging Strike 0-1: Ball 1-1: SINGLE (Line Drive, 78S) Gilberto Ortíz to second
|
Batting: SHB Darrel Wise
|
0-0: Fly out, F7 (Flyball, 7)
|
Batting: RHB José Maldonado
|
0-0: Ball 1-0: Ball 2-0: Called Strike 2-1: Foul Ball, location: 2F 2-2: Strikes out swinging
|
Bottom of the 6th over - 0 run(s), 1 hit(s), 0 error(s), 2 left on base; Stanford 4 - South Carolina 9 |
TOP OF THE 7TH |
Stanford Cardinal batting - Pitching for South Carolina Gamecocks : RHP Jared Thomas
|
Batting: SHB Jimmy Wilson
|
0-0: Called Strike 0-1: SINGLE (Groundball, 56D)
|
Batting: LHB Geoffrey Bird
|
0-0: Ball 1-0: Foul Ball, location: 2F 1-1: Foul Ball, location: 2F 1-2: Ball Wild Pitch! Jimmy Wilson to second 2-2: Ball 3-2: Base on Balls
|
Batting: RHB Fernando Vargas
|
0-0: Called Strike 0-1: Ball 1-1: Ball Wild Pitch! Jimmy Wilson to third Geoffrey Bird to second 2-1: Called Strike 2-2: Foul Ball, location: 2F 2-2: Foul Ball, location: 2F 2-2: Strikes out looking
|
Batting: RHB Rick McDonald
|
0-0: Called Strike 0-1: Ball 1-1: Called Strike 1-2: Foul Ball, location: 2F 1-2: Ball 2-2: Ball 3-2: Base on Balls
|
Batting: RHB Scott McGuire
|
0-0: Foul Ball, location: 2F 0-1: Foul Ball, location: 2F 0-2: Ball 1-2: Fly out, F6 (Line Drive, 6)
|
Batting: RHB Jimmie Powell
|
0-0: Called Strike 0-1: Ball 1-1: Ball 2-1: Foul Ball, location: 2F 2-2: Strikes out swinging
|
Top of the 7th over - 0 run(s), 1 hit(s), 0 error(s), 3 left on base; Stanford 4 - South Carolina 9 |
BOTTOM OF THE 7TH |
South Carolina Gamecocks batting - Pitching for Stanford Cardinal : LHP Pedro Infante
|
Batting: RHB Mason Melton
|
0-0: Swinging Strike 0-1: Ball 1-1: Ball 2-1: Foul Ball, location: 2F 2-2: Fly out, F8 (Flyball, 8RS)
|
Batting: RHB Rob DeWitt
|
0-0: Swinging Strike 0-1: DOUBLE (Flyball, 78D)
|
Batting: RHB Edward Green
|
0-0: Ball 1-0: Foul Ball, location: 2F 1-1: Ball 2-1: Fly out, F7 (Flyball, 7)
|
Batting: LHB Chandler Pitts
|
0-0: Foul Ball, location: 2F 0-1: Ball 1-1: Foul Ball, location: 2F 1-2: Foul Ball, location: 2F 1-2: Foul Ball, location: 2F 1-2: Ball 2-2: Ball 3-2: Foul Ball, location: 2F 3-2: Ground out 6-3 (Groundball, 6)
|
Bottom of the 7th over - 0 run(s), 1 hit(s), 0 error(s), 1 left on base; Stanford 4 - South Carolina 9 |
TOP OF THE 8TH |
Stanford Cardinal batting - Pitching for South Carolina Gamecocks : RHP Jared Thomas
|
Now at 3B: Ron Sims
|
|
Batting: SHB Haywood Bass
|
0-0: SOLO HOME RUN (Flyball, 9D), Distance : 346 ft
|
Batting: RHB Dylan Wolf
|
0-0: Ball 1-0: Foul Ball, location: 2F 1-1: Swinging Strike 1-2: Ball 2-2: Ball 3-2: Base on Balls
|
Pitching: LHP Casey Gardner
|
|
Batting: RHB Jake Jeffries
|
0-0: Ball Wild Pitch! Dylan Wolf to second 1-0: Called Strike 1-1: Ball 2-1: Foul Ball, location: 2F 2-2: Strikes out swinging
|
Batting: SHB Jimmy Wilson
|
0-0: Ball 1-0: Ball 2-0: Called Strike 2-1: Ball 3-1: Ground out 5-3 (Groundball, 56)
|
Batting: LHB Geoffrey Bird
|
0-0: Ball 1-0: Called Strike 1-1: Fly out, F8 (Flyball, 8LM)
|
Top of the 8th over - 1 run(s), 1 hit(s), 0 error(s), 1 left on base; Stanford 5 - South Carolina 9 |
BOTTOM OF THE 8TH |
South Carolina Gamecocks batting - Pitching for Stanford Cardinal : LHP Pedro Infante
|
Batting: LHB Bill Walter
|
0-0: Called Strike 0-1: Called Strike 0-2: Foul Ball, location: 2F 0-2: Ball 1-2: Ball 2-2: Foul Ball, location: 2F 2-2: SINGLE (Line Drive, 4MD)
|
Pitching: RHP Michael Saunders
|
|
Batting: LHB Gilberto Ortíz
|
0-0: Called Strike 0-1: Ball 1-1: Grounds into double play, 3-6-1 (Groundball, 3)
|
Batting: RHB Ryan Campbell
|
0-0: Called Strike 0-1: Ball 1-1: Swinging Strike 1-2: Ball 2-2: Foul Ball, location: 2F 2-2: Foul Ball, location: 2F 2-2: Ball 3-2: Strikes out swinging
|
Bottom of the 8th over - 0 run(s), 1 hit(s), 0 error(s), 0 left on base; Stanford 5 - South Carolina 9 |
TOP OF THE 9TH |
Stanford Cardinal batting - Pitching for South Carolina Gamecocks : LHP Casey Gardner
|
Pitching: LHP José Carlos
|
|
Batting: RHB Fernando Vargas
|
0-0: Ball 1-0: Ball 2-0: Ball 3-0: Base on Balls
|
Batting: RHB Rick McDonald
|
0-0: Called Strike 0-1: Ball 1-1: Foul Ball, location: 2F 1-2: Ball 2-2: Strikes out swinging
|
Batting: RHB Scott McGuire
|
0-0: 2-RUN HOME RUN (Flyball, 7D), Distance : 360 ft
|
Pitching: RHP Joseph Salinas
|
|
Batting: RHB Jimmie Powell
|
0-0: Ball 1-0: Called Strike 1-1: Ground out 5-3 (Groundball, 56)
|
Batting: SHB Haywood Bass
|
0-0: Fly out, F3 (Popup, 3S)
|
Top of the 9th over - 2 run(s), 1 hit(s), 0 error(s), 0 left on base; Stanford 7 - South Carolina 9 |
|